 Dungeon Crawl Stone Soup version 0.20-a0-751-g905781e (webtiles) character file.

101 M4edhros the Sneak (level 4, -2/28 HPs)
             Began as an Octopode Artificer on Feb 25, 2017.
             Slain by a worker ant (4 damage)
             ... on level 4 of the Dungeon.
             The game lasted 00:01:05 (1457 turns).

M4edhros the Sneak (Octopode Artificer)             Turns: 1457, Time: 00:01:06

Health: -2/28      AC:  3    Str: 11    XL:     4   Next: 75%
Magic:  6/6        EV: 13    Int: 18    God:
Gold:   123        SH:  0    Dex: 13    Spells: 3/3 levels left

rFire    . . .     SeeInvis .   a - +0 short sword
rCold    . . .     Gourm    .   (no shield)
rNeg     . . .     Faith    .   (helmet restricted)
rPois    .         Spirit   .   (no amulet)
rElec    .         Reflect  .   (no ring)
rCorr    .         Harm     .   (no ring)
MR       .....     Clarity  +   (no ring)
Stlth    ++++......             (no ring)
Regen    0.1/turn               (no ring)
MPRegen  0.1/turn               (no ring)
                                (no ring)
                                (no ring)

@: brilliant, lethally poisoned (-2 -> -10)
A: almost no armour, stealthy swim, amphibious, 8 rings, constrict 8, slimy
green scales 1, camouflage 1, clarity, gelatinous body 1
a: no special abilities


You were on level 4 of the Dungeon.
You were not hungry.

You visited 1 branch of the dungeon, and saw 4 of its levels.

You collected 123 gold pieces.

Inventory:

Hand Weapons
 a - a +0 short sword (weapon)
 m - a +0 hunting sling
Missiles
 q - 46 stones (quivered)
Wands
 b - a wand of flame (12/48)
 c - a wand of enslavement (14/24)
 d - a wand of random effects (15/48)
Scrolls
 e - 2 scrolls of identify {unknown}
 g - 2 scrolls of teleportation {unknown}
 i - 2 scrolls of remove curse {unknown}
Potions
 h - a potion of brilliance
 j - a potion of berserk rage {unknown}
 k - a potion of might {unknown}
 l - a potion of curing {unknown}
 n - a potion of mutation
 o - a potion of flight {unknown}
 p - a potion of agility {unknown}
Comestibles
 f - 2 bread rations
 r - a chunk of flesh


   Skills:
 - Level 1.0 Fighting
 - Level 1.0 Short Blades
 - Level 2.0 Dodging
 + Level 6.3 Stealth
 - Level 3.2 Evocations


You had 3 spell levels left.
You didn't know any spells.

Dungeon Overview and Level Annotations

Branches:
Dungeon (4/15)
 Temple: D:4-7

Altars:
Uskayaw


Innate Abilities, Weirdness & Mutations

You cannot wear most types of armour.
You are very stealthy in the water. (Stealth+)
You are amphibious.
You can wear up to eight rings at the same time.
You can use your tentacles to constrict eight enemies at once.
Your skin changes colour to match your surroundings (Stealth+).
Your rubbery body absorbs attacks. (AC +1, EV +1)
You are partially covered in slimy green scales. (AC +2)
You possess an exceptional clarity of mind.


Message History

A worker ant is nearby!
You are too injured to fight recklessly!
You completely miss the worker ant.
The worker ant is lightly wounded.
You constrict the worker ant.
You feel sick. The worker ant bites you!
* * * LOW HITPOINT WARNING * * *
It was a potion of brilliance.
You feel clever all of a sudden.
You constrict the worker ant, but do no damage.
* * * LOW HITPOINT WARNING * * *
You feel sick. The worker ant bites you.
* * * LOW HITPOINT WARNING * * *
Unknown command.
It was a potion of mutation.
You feel extremely strange.
Your thoughts seem clearer.
Slimy green scales grow over part of your body.
You constrict the worker ant.
* * * LOW HITPOINT WARNING * * *
You feel sick. The worker ant bites you.
You die...

...#.. ........ .....
...............
..#............##### ..
..#................# .
..#................ .##
##................#
...# #.........
#..#a.##....
..........# #..@....#
........[.# #.....#...#
.....#.#..# ###...# .
..........# #...#
.....#.#..### ##.##
.)).........####..#
..>......##......##
...................#
.........#########.....


You could see a worker ant.

Vanquished Creatures
  2 orc wizards
  A worker ant (D:4)
  2 leopard geckos
  3 orcs
  3 giant cockroaches
  3 goblins
  A hobgoblin (D:1)
  A quokka (D:2)
  A ball python (D:3)
  A frilled lizard (D:4)
  A kobold (D:1)
19 creatures vanquished.

Vanquished Creatures (collateral kills)
  An orc (D:3)
1 creature vanquished.

Vanquished Creatures (others)
  5 orcs (D:4)
5 creatures vanquished.

Grand Total: 25 creatures vanquished

Notes
Turn   | Place    | Note
-------+----------+-------------------------------------------
     0 | D:1      | M4edhros the Octopode Artificer began the quest for the Orb.
     0 | D:1      | Reached XP level 1. HP: 13/13 MP: 3/3
    38 | D:1      | Reached skill level 2 in Stealth
    95 | D:1      | Reached XP level 2. HP: 8/18 MP: 4/4
   168 | D:2      | Reached skill level 3 in Stealth
   470 | D:3      | Noticed a dagger
   470 | D:3      | Noticed a hand axe
   474 | D:3      | Found a hide-covered altar of Uskayaw.
   791 | D:3      | Reached skill level 4 in Stealth
   791 | D:3      | Reached XP level 3. HP: 12/23 MP: 5/5
  1041 | D:3      | Reached skill level 5 in Stealth
  1087 | D:4      | Reached XP level 4. HP: 8/28 MP: 6/6
  1414 | D:4      | Reached skill level 6 in Stealth
  1457 | D:4      | Gained mutation: You possess an exceptional clarity of mind. [potion of mutation]
  1457 | D:4      | Gained mutation: You are partially covered in slimy green scales. (AC +2) [potion of mutation]
  1457 | D:4      | Slain by a worker ant

Vault maps used:
D:1:      dpeg_arrival_arbitrary_a
D:2:      serial_glass, glass_columns_c, glass_columns_b, interstate_on_off,
          serial_park_tiny_2
D:3:      dancing_weapons_uskayaw, yredelemnul_altar_generic
D:4:      lemuel_temple_firewalk_b, serial_glass, glass_columns_a,
          glass_columns_b, glass_columns_c, glass_columns_a, glass_columns_a,
          glass_columns_a, glass_columns_a, glass_columns_c, glass_columns_a,
          glass_columns_a, minmay_hollow_rounded_squares

Skill      XL: |  1  2  3  4 |
---------------+-------------+-----
Stealth        | 2 4 5 6 |  6.3
Fighting       | |  1.0
Short Blades   | |  1.0
Dodging        | |  2.0
Evocations     | |  3.2

Action                   |  1- 3 |  4- 6 || total
-------------------------+-------+-------++-------
Melee: Short sword       |    40 |    11 ||    51
       Constrict         |     8 |     3 ||    11
       Tentacles         |     6 |     2 ||     8
Evoke: Wand              |     4 |       ||     4
  Use: Potion            |       |     2 ||     2
 Stab: Sleeping          |     4 |       ||     4
  Eat: Chunk             |       |     2 ||     2
Armor: Skin              |     1 |       ||     1
Dodge: Dodged            |    25 |     7 ||    32
